 Dungeon Crawl Stone Soup version 0.32-a0-391-gce5c0aab1b (webtiles) character file.

Game seed: 8477456897526260714

42 Bravepunisher the Changeling (level 3, -6/18 HPs)
             Began as a Spriggan Shapeshifter on Feb 19, 2024.
             Mangled by a gnoll sergeant
             ... wielding a +0 spear
              (10 damage)
             ... on level 4 of the Dungeon.
             The game lasted 00:01:23 (374 turns).

Bravepunisher the Changeling (Spriggan Shapeshifter) Turns: 374, Time: 00:01:25

Health: -6/18      AC:  2    Str: 12    XL:     3   Next: 33%
Magic:  4/4        EV: 17    Int: 11    God:
Gold:   0          SH:  0    Dex: 14    Spells: 2/2 levels left

rFire   . .          .
                       - Unarmed
rCold   . . .        (no shield)
rNeg    . . .        a - +0 animal skin
rPois   .            (helmet currently unavailable)
rElec   .            (cloak currently unavailable)
rCorr   .            (gloves unavailable)
SInv    +            (boots unavailable)
Will    .....        (no amulet)
Stlth   +            (no ring)
HPRegen 0.23/turn    (no ring)
MPRegen 0.09/turn

%: no passive effects
@: beast-form, very quick
A: beast (slay +2), very small, no large weapons, unfitting armour, see
invisible, speed 3
a: Begin Untransformation


You were on level 4 of the Dungeon.
You were a hulking beast.
You visited 1 branch of the dungeon, and saw 5 of its levels.

Inventory:

Armour
 a - a +0 animal skin (worn)
Talismans
 c - a beast talisman (active)
 d - a flux talisman
Wands
 g - a wand of paralysis (11)
Scrolls
 e - a scroll of identify {unknown}
 f - a scroll of fear {unknown}
Potions
 b - a potion of lignification


   Skills:
 * Level 2.0 Fighting
 + Level 3.4 Dodging
 - Level 2.4 Unarmed Combat
 + Level 4.4 Shapeshifting


You had 2 spell levels left.
You didn't know any spells.
Your spell library was empty.

Dungeon Overview and Level Annotations

Branches:
Dungeon (5/15)
 Temple: D:4-7

Altars:


Innate Abilities, Weirdness & Mutations

You are a hulking beast.
Your limbs bulge with bestial killing power. (Slay +2)
You are very small and have problems with some larger weapons.
You are too small for most types of armour.
You have supernaturally acute eyesight. (SInv)
You cover ground extremely quickly. (Speed+++)


Message History

The stone misses you. The kobold hits you with a +0 dagger. The orc misses you.
The kobold misses you. The kobold barely misses you. The orc barely misses you.
The kobold attacks as it pursues you! The kobold hits you with a +0 dagger.
The dart slug briefly extends its eye-stalks.
The dart slug bites you.
The kobold throws a stone.
The stone hits you but does no damage.
The dart slug briefly extends its eye-stalks.
The ball python attacks as it pursues you!
The ball python misses you. The ball python completely misses you.
The kobold throws a stone.
The stone barely misses you. As you open the door, it creaks loudly!
A gnoll sergeant and 3 gnolls come into view.
The gnoll shouts!
The gnoll sergeant shouts!
The gnoll shouts! x2
The gnoll barely misses you.
Found a spear.
Unknown command.
The ball python bites you. The ball python barely misses you.
The ball python bites you. The ball python closely misses you.
The bombardier beetle sprays incendiary fluid at you.
The burning spray hits you.
You are covered in liquid fire!
A ribbon worm comes into view.
You shake off some of the fire as you move.
The liquid fire burns you!
You shake off some of the fire as you move.
The liquid fire burns you!
You shake off the liquid fire.
The kobold throws a stone.
The stone completely misses you.
The ribbon worm expels a string of sticky webbing.
The stream of webbing misses you.
The kobold throws a stone.
The stone misses you.
The gnoll sergeant hits you from afar with a +0 spear!
* * * LOW HITPOINT WARNING * * *
The kobold throws a stone.
The stone hits you.
* * * LOW HITPOINT WARNING * * *
The gnoll sergeant hits you from afar with a +0 spear!
Ouch! That really hurt!
You die...

#≈##≈.≈##≈#S.....
#≈≈≈≈.≈≈≈≈#.o....
#####.#####......
##.......o..##..
#......K...####.
#..........# #
###g..g..K..... #
##..g............
###h.g..o...........
#....ogK..##.##.....
##...Ko.K..### #....
#......B...#
#...w.#...##
###...#..##
##.S....# #...S.###
##...##


You could see a gnoll sergeant, a ribbon worm, a bombardier beetle, 3 gnolls, 3
orcs, a goblin, 2 ball pythons and 3 kobolds.

Vanquished Creatures
  A hound (D:5)
  An adder (D:2)
  A ball python (D:2)
3 creatures vanquished.

Notes
Turn   | Place    | Note
-------+----------+-------------------------------------------
     0 | D:1      | Bravepunisher the Spriggan Shapeshifter began the quest for
                  | the Orb.
     0 | D:1      | Reached XP level 1. HP: 9/9 MP: 2/2
    60 | D:2      | Reached skill level 1 in Fighting
    60 | D:2      | Reached XP level 2. HP: 11/14 MP: 3/3
   128 | D:4      | Noticed a bombardier beetle
   138 | D:5      | Entered Level 5 of the Dungeon
   162 | D:5      | Reached XP level 3. HP: 5/18 MP: 4/4
   268 | D:5      | Noticed an ogre
   351 | D:4      | Noticed a gnoll sergeant
   374 | D:4      | Mangled by a gnoll sergeant

Illustrated notes

Levels and vault maps discovered:
D:1:      heliophobic_arrival_battle_scene, layout_loops_ring, serial_forest,
          infiniplex_forest_straight_5, infiniplex_forest_straight_1,
          infiniplex_forest_end_2, infiniplex_forest_join,
          infiniplex_forest_clump_long, infiniplex_forest_zigzag_2,
          infiniplex_forest_lined_2
D:2:      layout_basic, minmay_cut_off
D:3:      layout_loops_ring, nicolae_yredelemnul_corpse_copse,
          okawaru_altar_gauntlet_db, minmay_overflow_temple_star_quad,
          nicolae_overflow_hidden_temple
D:4:      layout_cave_pools, st_stairs_4, lightli_minifort
D:5:      layout_loops_ring, nemelex_dance_club_becter,
          nicolae_gozag_cash_rules_everything_around_me,
          mainiacjoe_overflow_paths

Skill      XL: |  1  2 |
---------------+-------+-----
Fighting       | 1 2 |  2.0
Dodging        | 3 |  3.4
Unarmed Combat | |  2.4
Shapeshifting  | |  4.4

Action                     || total
---------------------------++-------
  Melee: Unarmed           ||    17
         Punch             ||     1
 Armour: Animal skin       ||    17
  Dodge: Dodged            ||    50

Table legend: (Time is in decaauts)
 A = Elapsed time spent in this place.
 B = Non-inter-level travel time spent in this place.
 C = Inter-level travel time spent in this place.
 D = Time resting spent in this place.
 E = Time spent auto-exploring this place.
 F = Levels seen in this place.
 G = Mean time per level.
                   A        B        C        D        E       F      G
               +--------+--------+--------+--------+--------+-----+--------+
         Total |    262 |    262 |      0 |      0 |    133 |   5 |   52.4 |
       Dungeon |    262 |    262 |      0 |      0 |    133 |   5 |   52.4 |
               +--------+--------+--------+--------+--------+-----+--------+

Top non-repeatable levels by time:
     D:5: 106 daAuts
     D:4: 72 daAuts
     D:2: 68 daAuts
     D:1: 11 daAuts
     D:3: 4 daAuts
